 Dungeon Crawl Stone Soup version 0.19.1-1-g22dce08 (webtiles) character file.

25946 hydrated12 the Fighter (level 12, -11/122 HPs)
             Began as a Deep Dwarf Fighter on Jan 2, 2017.
             Was a High Priest of Trog.
             Blown up by an orb spider (37 damage)
             ... with an orb of destruction
             ... on level 1 of the Spider Nest.
             The game lasted 00:48:53 (10980 turns).

hydrated12 the Fighter (Deep Dwarf Fighter)        Turns: 10980, Time: 00:48:54

Health: -11/122    AC: 13    Str: 31    XL:     12   Next: 94%
Magic:  0/0        EV:  9    Int: 14    God:    Trog [*****.]
Gold:   300        SH:  0    Dex: 12    Spells: 0 memorised, 11 levels left

rFire  . . .     SeeInvis +     E - +6 demon whip (elec)
rCold  . . .     Gourm    .     b - +3 scale mail
rNeg   . . .     Faith    .     c - +0 shield
rPois  .         Spirit   .     (no helmet)
rElec  .         Reflect  .     (no cloak)
rCorr  .         Harm     .     t - +0 pair of gloves
MR     +....                    (no boots)
Stlth  ..........               p - amulet of rage
                                A - ring "Hopruthe" {Str+4 Int+6 SInv}
                                W - +3 ring of strength

@: confused, non-regenerating
A: damage resistance, recharge devices, dopey 1, sense surroundings 2, screaming
1, slow regeneration 3
a: Device Recharging, Berserk, Trog's Hand, Brothers in Arms, Burn Spellbooks,
Renounce Religion, Evoke Berserk Rage


You were on level 1 of the Spider Nest.
You worshipped Trog.
Trog was extremely pleased with you.
You were very full.

You visited 3 branches of the dungeon, and saw 14 of its levels.
You also visited: Sewer and Ossuary.

You collected 900 gold pieces.
You spent 600 gold pieces at shops.

Inventory:

Hand Weapons
 a - a +0 war axe
 D - a +2 war axe of freezing
 E - a +6 demon whip of electrocution (weapon)
Armour
 b - a +3 scale mail (worn)
 c - a +0 shield (worn)
 t - a +0 pair of gloves (worn)
Jewellery
 p - an amulet of rage (around neck)
 A - the ring "Hopruthe" (right hand) {Str+4 Int+6 SInv}
   (You found it on level 4 of the Dungeon)

   [ring of see invisible]

   It affects your strength (+4).
   It affects your intelligence (+6).
   It lets you see invisible.
 H - an uncursed ring of poison resistance
 Q - an uncursed ring of magical power
 T - an uncursed ring of positive energy
 W - a +3 ring of strength (left hand)
Wands
 e - a wand of lightning (4/15)
 h - a wand of digging (12/24)
 j - a wand of heal wounds (1/9)
 y - a wand of paralysis (13/24)
 L - a wand of enslavement (18/24)
 P - a wand of enslavement (8/24)
 U - a wand of flame (8/48)
 V - a wand of digging (17/24)
Scrolls
 g - 10 scrolls of remove curse
 i - 2 scrolls of random uselessness
 s - 5 scrolls of teleportation
 v - 5 scrolls of fog
 w - 3 scrolls of magic mapping
 F - 2 scrolls of fear
 I - a scroll of summoning
 J - a scroll of holy word {unknown}
 X - a scroll of blinking
Potions
 d - 4 potions of might
 k - 4 potions of degeneration
 l - a potion of curing
 m - a potion of cancellation
 n - 8 potions of agility
 o - 2 potions of invisibility
 r - 3 potions of brilliance
 u - 4 potions of flight
 x - 3 potions of lignification
 B - 4 potions of haste
 G - a potion of heal wounds
 O - a potion of ambrosia
Miscellaneous
 z - a phial of floods
 S - a lamp of fire (inert)
 Z - a lamp of fire (inert)
Comestibles
 f - 13 fruits
 q - 4 bread rations
 C - 2 beef jerkies
 K - a slice of pizza
 M - 4 meat rations
 R - 2 royal jellies


   Skills:
 * Level 12.1 Fighting
 - Level 11.3(12.5) Axes
 + Level 8.3(10.6) Maces & Flails
 + Level 9.8 Armour
 + Level 10.2 Shields


You had 11 spell levels left.
You didn't know any spells.

Dungeon Overview and Level Annotations

Branches:
Dungeon (10/15)            Temple (0/1) D:5            Lair (3/6) D:10
 Spider (1/4) Lair:3
  Swamp: Lair:2-4    Shoals: Lair:2-4       Orc: D:9-12

Altars:
Ashenzari
Fedhas
Kikubaaqudgha
Trog
Zin
The Shining One

Shops:
D:9 }


Innate Abilities, Weirdness & Mutations

You are resistant to damage.
You can recharge devices by infusing magical energy.
You passively map the area around you.
You do not regenerate.
You are dopey. (Int -2)
You occasionally shout uncontrollably at your foes.


Message History

The orb spider spins a strand of pure energy.
The tarantella closely misses you.
Evoke which item? (* to show all) (? for menu, Esc to quit)
Zapping:
j - a wand of heal wounds (2/9)
Press: ? - help, Shift-Dir - straight line, f - you Nothing appears to happen.
This wand has 1 charge left.
The orb spider weaves a glowing orb of energy.
The tarantella closely misses you.
An orb of destruction comes into view.
The tarantella bites you!
* * * LOW HITPOINT WARNING * * *
You are more confused.
The orb of destruction hits the tarantella.
The tarantella is blown up!
The orb spider spins a strand of pure energy.
The orb spider weaves a glowing orb of energy.
An orb of destruction comes into view.
The orb spider pulsates with a strange energy.
The orb of destruction hits you!
You die...

#### ### ## #####..### ##
#.# #.####......s.##.# *
##.# #.....@...§§....#, *
####.## ####.....§§§......#
#...#.###................##
* *
.#####............†......#
* * ##
##.....(..##.......%.#
##..........##....[....#
#...........###......#..#,
*
#............##.....###..#
, . #............#####.(#
*.## ,


You could see an orb spider.

Vanquished Creatures
  A hydra (Lair:3)
  Erica (D:10)
  Nergalle (Lair:1)
  The ghost of flt the Destroyer, a novice DrCj of Vehumet (D:9)
  The ghost of hydrated12 the Basher, a novice HuGl of Okawaru (D:8)
  A hill giant (D:10)
  The ghost of mora the Covert, a novice SpAs of Okawaru (D:7)
  A wolf spider (Spider:1)
  2 black mambas
  Maurice (D:8)
  2 spiny frogs
  A rime drake (Lair:1)
  5 komodo dragons
  3 trolls
  2 polar bears
  A hornet (D:7)
  Grinder (Sewer)
  10 blink frogs
  2 hippogriffs
  3 redbacks
  19 yaks
  A tarantella (Spider:1)
  4 wraiths
  Sigmund (D:3)
  A wyvern (Lair:2)
  A hungry ghost (D:7)
  2 basilisks (Lair:2)
  Edmund (D:5)
  14 porcupines
  4 water moccasins
  A sky beast (D:5)
  3 ice beasts
  6 orc warriors
  3 phantoms
  4 black bears
  2 ogres
  2 wolves (Lair:3)
  4 centaurs
  7 crocodiles
  5 big kobolds
  13 bullfrogs
  3 scorpions
  5 killer bees (D:7)
  A troll skeleton (D:7)
  10 wights
  6 crimson imps
  A bullfrog zombie (D:9)
  A jelly (D:7)
  2 quasits
  2 centaur zombies
  3 human zombies (D:7)
  5 hounds
  5 bullfrog skeletons
  6 orc priests
  9 orc wizards
  2 human skeletons (D:7)
  6 iguanas
  13 worker ants
  5 big kobold zombies (Sewer)
  5 mummies
  3 hound zombies
  A hound skeleton (D:6)
  4 gnolls (D:7)
  16 adders
  2 river rats (D:10)
  3 shadow imps
  4 ufetubi (Sewer)
  An ooze (D:1)
  3 worms
  A dart slug (D:3)
  6 leopard geckos
  46 orcs
  17 bats
  A bat zombie (Sewer)
  7 giant cockroaches
  8 goblins
  6 hobgoblins
  11 jackals
  8 quokkas
  A ball python skeleton (D:4)
  6 frilled lizards
  2 giant cockroach zombies (Sewer)
  A gnoll zombie (Ossuary)
  A goblin zombie (Ossuary)
  A hobgoblin zombie (Ossuary)
  29 kobolds
  4 kobold zombies
  An orc zombie (D:7)
  17 rats
440 creatures vanquished.

Vanquished Creatures (collateral kills)
  Fannar (D:10)
  A hydra (Lair:2)
  A hill giant (D:10)
  A rime drake (Lair:3)
  3 wolves (Lair:3)
  A wyvern zombie (D:10)
  A scorpion (D:7)
9 creatures vanquished.

Vanquished Creatures (others)
  A tarantella (Spider:1)
  An ooze (Sewer)
  A kobold zombie (Sewer)
  A fungus (Lair:3)
  A plant (Lair:3)
5 creatures vanquished.

Grand Total: 454 creatures vanquished

Notes
Turn   | Place    | Note
-------+----------+-------------------------------------------
     0 | D:1      | hydrated12 the Deep Dwarf Fighter began the quest for the Orb.
     0 | D:1      | Reached XP level 1. HP: 20/20 MP: 1/1
   127 | D:1      | Reached skill level 3 in Fighting
   127 | D:1      | Reached XP level 2. HP: 25/28 MP: 2/2
   628 | D:2      | Found a bloodstained altar of Trog.
   642 | D:2      | Reached XP level 3. HP: 34/34 MP: 3/3
   648 | D:2      | Became a worshipper of Trog the Wrathful
   825 | D:2      | Found a glowing golden altar of the Shining One.
  1507 | D:3      | Reached skill level 4 in Fighting
  1507 | D:3      | Reached XP level 4. HP: 40/44 MP: 4/4
  1549 | D:3      | Found a glowing silver altar of Zin.
  1549 | D:3      | Found a shattered altar of Ashenzari.
  1550 | D:3      | Found a blossoming altar of Fedhas.
  1683 | D:3      | Noticed Sigmund
  1720 | D:3      | Killed Sigmund
  1720 | D:3      | Reached XP level 5. HP: 41/51 MP: 5/5
  1797 | D:3      | Reached * piety under Trog
  1873 | D:3      | Found a glowing drain.
  1898 | D:3      | Reached XP level 6. HP: 44/58 MP: 6/6
  1916 | Sewer    | Entered a sewer
  1944 | Sewer    | Reached skill level 5 in Axes
  2045 | Sewer    | Reached ** piety under Trog
  2070 | Sewer    | Found a burning altar of Makhleb.
  2103 | Sewer    | Reached skill level 5 in Fighting
  2114 | Sewer    | Noticed Grinder
  2133 | Sewer    | Killed Grinder
  2133 | Sewer    | Reached XP level 7. HP: 33/67 MP: 7/7
  2968 | D:4      | Got a coiled golden ring
  2989 | D:4      | Identified the ring "Hopruthe" {Str+4 Int+6 SInv} (You found it on level 4 of the Dungeon)
  3129 | D:4      | Reached *** piety under Trog
  3292 | D:4      | Reached skill level 6 in Fighting
  3292 | D:4      | Reached skill level 5 in Shields
  3292 | D:4      | Reached XP level 8. HP: 55/76 MP: 7/7
  3455 | D:5      | Entered Level 5 of the Dungeon
  3538 | D:5      | Found a staircase to the Ecumenical Temple.
  3814 | D:5      | Found a glowing golden altar of the Shining One.
  3871 | D:5      | Noticed Edmund
  3882 | D:5      | Killed Edmund
  3882 | D:5      | Reached **** piety under Trog
  4147 | D:6      | Reached skill level 7 in Fighting
  4158 | D:6      | Gained mutation: You passively map the area around you. [Deep Dwarf growth]
  4158 | D:6      | Reached XP level 9. HP: 73/86 MP: 7/7
  4825 | D:7      | Noticed mora's ghost (novice SpAs)
  4866 | D:7      | Killed mora's ghost
  4866 | D:7      | Reached skill level 10 in Axes
  4908 | D:7      | Found a sand-covered staircase.
  4913 | Ossuary  | Entered an ossuary
  5115 | Ossuary  | Reached skill level 5 in Armour
  5294 | D:7      | Reached skill level 8 in Fighting
  5353 | D:7      | Reached ***** piety under Trog
  5384 | D:7      | Reached XP level 10. HP: 92/96 MP: 7/7
  5398 | D:7      | Found an ancient bone altar of Kikubaaqudgha.
  6293 | D:8      | Noticed hydrated12's ghost (novice HuGl)
  6310 | D:8      | Killed hydrated12's ghost
  6310 | D:8      | Reached skill level 9 in Fighting
  6314 | D:8      | Received a gift from Trog
  6319 | D:8      | HP: 2/99 [orc warrior/glaive (8)]
  6446 | D:8      | Noticed Maurice
  7275 | D:8      | Killed Maurice
  7275 | D:8      | Reached XP level 11. HP: 92/108 MP: 6/6
  7355 | D:9      | Noticed flt's ghost (novice DrCj)
  7370 | D:9      | Killed flt's ghost
  7370 | D:9      | Reached skill level 10 in Fighting
  7609 | D:9      | Found Saohi's Gadget Shoppe.
  7622 | D:9      | Bought a lamp of fire for 600 gold pieces
  8139 | D:10     | Entered Level 10 of the Dungeon
  8178 | D:10     | Noticed Fannar
  8194 | D:10     | Killed Fannar
  8213 | D:10     | Noticed a hill giant
  8214 | D:10     | Noticed a hill giant
  8217 | D:10     | Killed a hill giant
  8233 | D:10     | Killed a hill giant
  8291 | D:10     | Noticed Erica
  8310 | D:10     | Killed Erica
  8323 | D:10     | Received a gift from Trog
  8416 | D:10     | Reached skill level 1 in Maces & Flails
  8421 | D:10     | Found a staircase to the Lair.
  8463 | Lair:1   | Entered Level 1 of the Lair of Beasts
  8544 | Lair:1   | Noticed Nergalle
  8559 | Lair:1   | Killed Nergalle
  8831 | Lair:1   | Reached skill level 11 in Fighting
  9149 | Lair:1   | Reached XP level 12. HP: 94/120 MP: 3/3
  9156 | Lair:1   | Reached skill level 5 in Maces & Flails
  9285 | Lair:2   | Noticed an eight-headed hydra
  9295 | Lair:2   | Killed an eight-headed hydra
 10014 | Lair:3   | Received a gift from Trog
 10041 | Lair:3   | Gained mutation: You occasionally shout uncontrollably at your foes. [mutagenic glow]
 10088 | Lair:3   | Gained mutation: You are dopey. (Int -2) [mutagenic glow]
 10407 | Lair:3   | Reached skill level 10 in Shields
 10450 | Lair:3   | Noticed an eight-headed hydra
 10454 | Lair:3   | Killed an eight-headed hydra
 10578 | Lair:3   | Reached skill level 12 in Fighting
 10607 | Lair:3   | Found a hole to the Spider Nest.
 10904 | Spider:1 | Entered Level 1 of the Spider Nest
 10980 | Spider:1 | Blown up by an orb spider

Skill      XL: |  1  2  3  4  5  6  7  8  9 10 11 12 |
---------------+-------------------------------------+-----
Fighting       | 3 4 5 6 7 8 9 11 12 | 12.1
Axes           | 3 4 6 7 9 10 11 | 11.3
Shields        | 4 5 6 8 9 10 | 10.2
Armour         | 4 5 7 8 9 |  9.8
Maces & Flails | 4 8 |  8.3

Action                   |  1- 3 |  4- 6 |  7- 9 | 10-12 || total
-------------------------+-------+-------+-------+-------++-------
Melee: War axe           |   104 |   178 |   435 |   425 ||  1142
       Demon whip        |       |       |       |   398 ||   398
Invok: Berserk           |       |       |     1 |       ||     1
       Burn Spellbooks   |       |       |       |     3 ||     3
       Trog's Hand       |       |       |       |     3 ||     3
       Brothers in Arms  |       |       |       |     3 ||     3
 Abil: Device Recharging |       |       |     3 |     9 ||    12
Evoke: Wand              |     2 |     1 |    18 |    43 ||    64
       Phial of floods   |       |       |       |     1 ||     1
       Lamp of fire      |       |       |       |     1 ||     1
  Use: Scroll            |     3 |       |    10 |    16 ||    29
       Potion            |       |       |     2 |    20 ||    22
 Stab: Invisible         |       |       |     1 |       ||     1
       Distracted        |       |       |       |     1 ||     1
  Eat: Bread ration      |     1 |       |     4 |     3 ||     8
       Meat ration       |       |       |     2 |       ||     2
       Fruit             |       |       |       |    11 ||    11
       Beef jerky        |       |       |       |     1 ||     1
Armor: Scale mail        |    40 |    89 |   184 |   262 ||   575
Dodge: Dodged            |    22 |    54 |   131 |   214 ||   421
Block: Shield            |    55 |    97 |   187 |   439 ||   778
